 Dungeon Crawl Stone Soup version 0.30-a0-862-g1aabd4f9c5 (webtiles) character file.

Game seed: 18312629777591167710

1113 dialectric the Covert (level 8, 0/40 HPs)
             Began as a Spriggan Brigand on Mar 8, 2023.
             Slain by an orc priest
             ... wielding a +0 club
              (5 damage)
             ... on level 5 of the Dungeon.
             The game lasted 00:07:39 (4185 turns).

dialectric the Covert (Spriggan Brigand)            Turns: 4185, Time: 00:07:39

Health: 0/40       AC:  5    Str:  9    XL:     8   Next: 11%
Magic:  9/9        EV: 19    Int: 12    God:
Gold:   277        SH:  0    Dex: 17    Spells: 7/7 levels left

rFire   + . .      SeeInvis +    C - +2 dagger (venom)
rCold   + . .      Faith    .    (no shield)
rNeg    . . .      Spirit   .    b - +0 robe
rPois   .          Reflect  .    (helmet restricted)
rElec   .          Rampage  .    r - +2 cloak {Stlth+}
rCorr   .                        (gloves unavailable)
Will    +....                    (boots unavailable)
Stlth   ++++++                   (no amulet)
HPRegen 0.26/turn                i - ring of protection from fire
MPRegen 0.11/turn                u - ring of protection from cold

@: very quick
A: very small, no large weapons, unfitting armour, see invisible, speed 3
a: no special abilities


You were on level 5 of the Dungeon.
You visited 1 branch of the dungeon, and saw 5 of its levels.

You collected 277 gold pieces.

Inventory:

Hand Weapons
 a - a +2 dagger
 s - a +4 quarterstaff of chaos
 C - a +2 dagger of venom (weapon)
Missiles
 d - 3 poisoned darts (quivered)
 e - 3 curare-tipped darts
 x - 6 datura-tipped darts
Armour
 b - a +0 robe (worn)
 c - a +0 cloak
 r - a +2 cloak of stealth (worn)
Jewellery
 i - a ring of protection from fire (left hand)
 u - a ring of protection from cold (right hand)
 w - a +6 ring of intelligence
Wands
 p - a wand of paralysis (9)
 D - a wand of flame (3)
Scrolls
 f - a scroll of teleportation {unknown}
 g - a scroll of fear {unknown}
 j - a scroll of amnesia
 k - a scroll of enchant weapon {unknown}
 l - a scroll of torment {unknown}
 m - 2 scrolls of enchant armour {unknown}
 v - 4 scrolls of identify {unknown}
 y - 3 scrolls of poison {unknown}
 F - a scroll of brand weapon {unknown}
Potions
 h - 2 potions of attraction {unknown}
 n - a potion of resistance {unknown}
 o - a potion of invisibility {unknown}
 q - 2 potions of curing {unknown}
 t - a potion of degeneration {unknown}
 z - a potion of brilliance {unknown}
 A - 2 potions of lignification {unknown}
 B - a potion of cancellation {unknown}
 E - a potion of mutation {unknown}


   Skills:
 * Level 3.1 Fighting
 + Level 4.6 Short Blades
 - Level 2.0 Throwing
 - Level 5.0 Dodging
 * Level 12.4 Stealth
 + Level 1.1 Evocations


You had 7 spell levels left.
You didn't know any spells.
Your spell library was empty.

Dungeon Overview and Level Annotations

Branches:
Dungeon (5/15)
 Temple: D:4-7

Altars:


Innate Abilities, Weirdness & Mutations

You are very small and have problems with some larger weapons.
You are too small for most types of armour.
You have supernaturally acute eyesight. (SInv)
You cover ground extremely quickly. (Speed+++)


Message History

Press: ? - help, Q - select action, (/) - cycle Shift-Dir - straight line, f/p - ogre
Aim: an ogre, wielding a +0 giant club (severely wounded, very poisoned, 76% to hit)
You throw a poisoned dart. The poisoned dart hits the ogre.
The ogre is severely wounded.
The orc priest invokes the aid of Beogh against you.
Beogh smites you! The ogre barely misses you.
The orc priest looks braver for a moment.
Throw: 6 darts (poison)
Press: ? - help, Q - select action, (/) - cycle Shift-Dir - straight line, f/p - ogre
Aim: an ogre, wielding a +0 giant club (severely wounded, very poisoned, 76% to hit)
You throw a poisoned dart. The poisoned dart hits the ogre.
The ogre looks even sicker.
The ogre is severely wounded.
Throw: 5 darts (poison)
Press: ? - help, Q - select action, (/) - cycle Shift-Dir - straight line, f/p - ogre
Aim: an ogre, wielding a +0 giant club (almost dead, very poisoned, 76% to hit)
You throw a poisoned dart.
The poisoned dart completely misses the ogre.
Throw: 4 darts (poison)
Press: ? - help, Q - select action, (/) - cycle Shift-Dir - straight line, f/p - ogre
Aim: an ogre, wielding a +0 giant club (almost dead, very poisoned, 76% to hit)
You throw a poisoned dart. The poisoned dart hits the ogre.
The ogre looks as sick as possible!
The ogre is almost dead.
The ogre hits you with a +0 giant club!
You hit the ogre.
You kill the ogre!
Things that are here:
a +0 giant club; a poisoned dart The orc priest mumbles some strange prayers to Beogh against you.
Beogh smites you!
* * * LOW HITPOINT WARNING * * *
Unknown command.
The orc priest begins to cast a cantrip, but forgets the words!
Okay, then.
You closely miss the orc priest. You hit the orc priest.
The orc priest is poisoned.
The orc priest is lightly wounded.
The orc priest hits you with a +0 club.
You die...

####[.......###..... ..... #.....
......#............# ......##....
.....##..>.........##......##....
......#..............#.....###...
.............##......#...#...#(..
##...........##.........###..#...
(#...............................
.....(...........................
....(.........).@o..(...(....##..
#...(..............[.........#...
#..............#........<(...#...
.....#......##.#.................
##.###......##..................#
### #...............#...........
#........#.....##...).......
###....###.....##...........
##............##..........>


You could see an orc priest (very poisoned).

Vanquished Creatures
  2 water moccasins (D:5)
  A black bear (D:4)
  An ogre (D:5)
  3 scorpions
  4 jellies
  5 hounds
  2 orc priests (D:5)
  Crazy Yiuf (D:2)
  2 iguanas (D:4)
  A gnoll (D:4)
  5 adders
  4 worms
  2 dart slugs (D:4)
  4 orcs
  12 ball pythons
  7 endoplasms
  A giant cockroach (D:4)
  5 goblins
  5 hobgoblins
  6 jackals
  A quokka (D:1)
  8 bats
  5 frilled lizards
  11 kobolds
  5 rats
103 creatures vanquished.

Vanquished Creatures (others)
  3 fungi (D:2)
  6 plants (D:2)
9 creatures vanquished.

Grand Total: 112 creatures vanquished

Notes
Turn   | Place    | Note
-------+----------+-------------------------------------------
     0 | D:1      | dialectric the Spriggan Brigand began the quest for the
                  | Orb.
     0 | D:1      | Reached XP level 1. HP: 10/10 MP: 2/2
    19 | D:1      | Reached skill level 6 in Stealth
   254 | D:1      | Reached XP level 2. HP: 14/14 MP: 3/3
   462 | D:1      | Reached skill level 7 in Stealth
   828 | D:1      | Reached XP level 3. HP: 18/18 MP: 4/4
  1045 | D:2      | Found a faded altar of an unknown god.
  1112 | D:2      | Reached skill level 8 in Stealth
  1132 | D:2      | Found a runed translucent door.
  1133 | D:2      | Noticed Crazy Yiuf
  1276 | D:2      | Reached XP level 4. HP: 23/23 MP: 5/5
  1746 | D:2      | Killed Crazy Yiuf
  2638 | D:4      | Reached XP level 5. HP: 26/26 MP: 6/6
  2677 | D:4      | Reached skill level 9 in Stealth
  2698 | D:4      | Noticed a black bear
  2979 | D:4      | Reached XP level 6. HP: 23/30 MP: 7/7
  3035 | D:4      | Reached skill level 10 in Stealth
  3460 | D:5      | Entered Level 5 of the Dungeon
  3460 | D:5      | Noticed a water moccasin
  3462 | D:5      | Killed a water moccasin
  3463 | D:5      | Reached skill level 11 in Stealth
  3463 | D:5      | Reached XP level 7. HP: 35/35 MP: 8/8
  3921 | D:4      | Reached skill level 5 in Dodging
  3921 | D:4      | Reached skill level 12 in Stealth
  3943 | D:5      | Reached skill level 1 in Evocations
  3943 | D:5      | Reached XP level 8. HP: 10/39 MP: 9/9
  4185 | D:5      | Slain by an orc priest

Illustrated notes

Levels and vault maps discovered:
D:1:      dpeg_arrival_shelter, layout_basic, minmay_tetromino_t2
D:2:      layout_loops_ring, shapermc_ecumenical_altar_mp_urbaneastern,
          uniq_crazy_yiuf_cottage
D:3:      layout_loops_ring
D:4:      layout_gridville, minmay_vboxes
D:5:      layout_cave_pools, uniq_edmund

Skill      XL: |  1  2  3  4  5  6  7  8 |
---------------+-------------------------+-----
Stealth        | 6 7 8 9 11 12 | 12.4
Dodging        | 2 3 5 |  5.0
Fighting       | 2 3 |  3.1
Short Blades   | 3 4 |  4.6
Evocations     | 1 |  1.1
Throwing       | |  2.0

Action                     |  1- 3 |  4- 6 |  7- 9 || total
---------------------------+-------+-------+-------++-------
  Melee: Dagger            |   117 |   120 |    77 ||   314
         Punch             |     3 |     3 |     9 ||    15
  Throw: Dart              |     2 |    39 |    21 ||    62
  Evoke: Wand              |       |       |     9 ||     9
    Use: Scroll            |       |     1 |       ||     1
   Stab: Sleeping          |    17 |    17 |       ||    34
         Distracted        |       |     2 |       ||     2
         Paralysed         |       |       |     1 ||     1
 Armour: Robe              |    16 |    22 |    11 ||    49
  Dodge: Dodged            |    68 |    85 |    68 ||   221

Table legend: (Time is in decaauts)
 A = Elapsed time spent in this place.
 B = Non-inter-level travel time spent in this place.
 C = Inter-level travel time spent in this place.
 D = Time resting spent in this place.
 E = Time spent auto-exploring this place.
 F = Levels seen in this place.
 G = Mean time per level.
                   A        B        C        D        E       F      G
               +--------+--------+--------+--------+--------+-----+--------+
         Total |   2918 |   2802 |    116 |    200 |   1770 |   5 |  583.6 |
       Dungeon |   2918 |   2802 |    116 |    200 |   1770 |   5 |  583.6 |
               +--------+--------+--------+--------+--------+-----+--------+

Top non-repeatable levels by time:
     D:4: 745 daAuts
     D:2: 615 daAuts
     D:1: 571 daAuts
     D:3: 506 daAuts
     D:5: 478 daAuts
